 Dungeon Crawl Stone Soup version 0.29.1-1-gd02db6906a (webtiles) character file.

Game seed: 5811994173956784915

4730 hawla the Thaumaturge (level 10, -1/52 HPs)
             Began as a Deep Elf Wanderer on Oct 4, 2022.
             Was a Follower of Vehumet.
             Slain by a two-headed ogre
             ... wielding a +0 giant club
              (15 damage)
             ... while paralysed by a hornet
             ... on level 9 of the Dungeon.
             The game lasted 00:38:57 (12539 turns).

hawla the Thaumaturge (Deep Elf Wanderer)          Turns: 12539, Time: 00:38:59

Health: -1/52      AC:  8    Str: 13    XL:     10   Next: 22%
Magic:  37/37      EV:  2    Int: 27    God:    Vehumet [*.....]
Gold:   476        SH:  0    Dex:  9    Spells: 18/33 levels left

rFire   . . .      SeeInvis .   w - +6 rapier of Sygg {flame, Int+4 Dex-2}
rCold   + . .      Faith    .   (no shield)
rNeg    . . .      Spirit   .   A - +2 robe {rC+}
rPois   .          Reflect  .   H - +0 hat
rElec   .          Harm     .   (no cloak)
rCorr   .          Rampage  .   B - +0 pair of gloves
Will    +....                   q - +2 pair of boots
Stlth   +.........              u - amulet of the acrobat
HPRegen 0.17/turn               o - ring of magical power
MPRegen 0.25/turn               n - ring of flight

@: paralysed, flying, slowed, unable to drink
A: passive freeze, strong 1, inability to drink after injury 1
a: Renounce Religion


You were on level 9 of the Dungeon.
You worshipped Vehumet.
Vehumet was aware of your devotion.
You visited 2 branches of the dungeon, and saw 10 of its levels.

You collected 476 gold pieces.

Inventory:

Hand Weapons
 w - the +6 rapier of Sygg (weapon) {flame, Int+4 Dex-2}
   (You found it on level 5 of the Dungeon)

   It burns those it strikes, dealing additional fire damage.
   Int:       It affects your intelligence (+4).
   Dex:       It affects your dexterity (-2).
Missiles
 b - 32 poisoned darts (quivered)
 y - 8 atropa-tipped darts
Armour
 q - a +2 pair of boots (worn)
 A - a +2 robe of cold resistance (worn)
 B - a +0 pair of gloves (worn)
 H - a +0 hat (worn)
Magical Staves
 C - a staff of death
Jewellery
 g - a +4 ring of evasion
 m - a ring of wizardry
 n - a ring of flight (right hand)
 o - a ring of magical power (left hand)
 p - a ring of protection from fire
 u - an amulet of the acrobat (around neck)
Wands
 j - a wand of paralysis (1)
 k - a wand of light (14)
 F - a wand of mindburst (17)
Scrolls
 a - 2 scrolls of enchant weapon
 c - 2 scrolls of teleportation
 s - a scroll of poison
 t - a scroll of brand weapon
 D - a scroll of amnesia
 E - a scroll of blinking {unknown}
 G - a scroll of fear {unknown}
Potions
 d - 3 potions of invisibility
 e - a potion of heal wounds
 f - 2 potions of curing
 h - 4 potions of lignification
 i - a potion of cancellation
 l - 2 potions of might
 r - a potion of magic
 x - 3 potions of brilliance
 z - 2 potions of ambrosia {unknown}


   Skills:
 + Level 1.5 Fighting
 + Level 3.5 Short Blades
 + Level 1.1 Throwing
 + Level 4.4 Dodging
 - Level 0.6 Stealth
 + Level 12.3 Spellcasting
 + Level 4.6 Necromancy
 + Level 3.5 Translocations
 + Level 2.2 Transmutations
 + Level 2.4 Fire Magic
 + Level 3.9 Air Magic
 + Level 9.2 Poison Magic
 + Level 2.1 Evocations


You had 18 spell levels left.
You knew the following spells:

 Your Spells              Type           Power      Damage    Failure   Level
a - Apportation           Tloc           70%        N/A       1%          1
b - Poisonous Vapours     Pois/Air       100%       N/A       1%          2
c - Blink                 Tloc           70%        N/A       1%          2
d - Vampiric Draining     Necr           41%        2d8       1%          3
e - Olgreb's Toxic Radia  Pois           61%        N/A       1%          4
f - Ignite Poison         Fire/Tmut/Pois 41%        N/A       1%          3

Your spell library contained the following spells:

 Spells                   Type           Power      Damage    Failure   Level
 Shock                    Conj/Air       100%       1d9       1%          1
 Sting                    Tmut/Pois      100%       1d8       1%          1
 Static Discharge         Conj/Air       27%        3-7/arc   2%          2
 Lesser Beckoning         Tloc           35%        N/A       2%          3
 Slow                     Hex            64%        N/A       3%          1
 Confusing Touch          Hex            16%        N/A       11%         3
 Simulacrum               Ice/Necr       14%        N/A       90%         6
 Haunt                    Necr/Summ      14%        N/A       100%        7


Dungeon Overview and Level Annotations

Branches:
Dungeon (9/15)             Temple (1/1) D:6
   Lair: D:8-11         Orc: D:9-12

Altars:
Cheibriados
Gozag
Hepliaklqana
Kikubaaqudgha
Makhleb
Okawaru
Uskayaw
Vehumet
Wu Jian
Yredelemnul
Zin
The Shining One

Shops:
D:8 [


Innate Abilities, Weirdness & Mutations

A frigid envelope surrounds you and freezes all who hurt you.
Your muscles are strong. (Str +4, Int/Dex -1)
You occasionally lose the ability to drink potions when taking damage.


Message History

Found a mace.
A kobold comes into view. It is wielding a +0 whip.
A kobold is nearby!
A hornet and a kobold come into view.
The kobold shouts! x2; You hear a shout! x2
A yak comes into view.
A two-headed ogre comes into view.
It is wielding a +0 giant club and a +0 dire flail.
A troll, a kobold brigand and an orc come into view.
The kobold brigand is wielding a +0 short sword and quivering curare-tipped darts.
The yak bellows!
The troll shouts!
The two-headed ogre shouts in stereo!
You hear a shout! x2
An orc and an orc priest come into view.
The orc priest is wielding a +1 short sword of venom.
The kobold brigand shouts!
The hornet buzzes angrily.
The orc priest shouts!
You hear a horrible gurgling sound!
The orc priest casts a cantrip, but nothing happens.
A death knight comes into view. It is wielding a +4 great mace.
The hornet completely misses you.
The kobold throws a stone.
The stone completely misses you. The hornet barely misses you.
The orc priest mumbles some strange prayers to Beogh against you.
Beogh smites you!
You hear a shout!
You hear an angry buzzing noise.
You closely miss the hornet. The hornet stings you.
You suddenly lose the ability to move!
The hornet is very cold.
The hornet is lightly wounded.
The kobold throws a stone.
The stone barely misses you.
A centaur warrior comes into view.
The hornet stings you!
You feel yourself slow down.
The hornet is very cold.
The hornet is moderately wounded.
The hornet stings you.
You feel as though you will be slow longer.
The hornet is very cold.
The hornet is heavily wounded.
The yak gores you.
* * * LOW HITPOINT WARNING * * *
The yak is very cold.
The yak is lightly wounded.
The two-headed ogre hits you with a +0 giant club!
You feel threatened and lose the ability to drink potions!
You die...

.#.#.###+###..
.........#.. ###8...o.#
...#####...###8.....c..
.........###8....8....
...##..###8...K~....#
.......#.....~8..8o.##
....#..#).8...K~K....#..
....#..##..#8..OY8o.....
..#.#..##..#..8.@y....#
.......#.#..#..#8T..###
.......#.#..#..#..###
.....#.#..#..#..###
..#..#.#..#..####
..+..#.#...### .
#....#..## #.....###
#............


You could see a centaur warrior, a two-headed ogre, a yak, a troll, a hornet, a
kobold brigand, an orc priest, 2 orcs and 2 kobolds.

Vanquished Creatures
  2 two-headed ogres (D:8)
  Joseph (D:7)
  2 hornets
  A spriggan (D:8)
  Edmund (D:4)
  Menkaure (D:5)
  Duvessa (D:5)
  A sky beast (D:6)
  2 orc warriors (D:7)
  An ice beast (D:6)
  A black bear (D:4)
  A centaur (D:8)
  3 phantoms
  3 bullfrogs
  2 necrophages
  3 scorpions
  3 wights (D:7)
  Dowan (D:5)
  2 howler monkeys
  3 orc priests
  8 hounds
  Jessica (D:3)
  Ijyb (D:4)
  Terence (D:3)
  4 iguanas
  4 orc wizards
  4 gnolls (D:3)
  4 adders
  A white imp (D:6)
  2 ufetubi (D:4)
  2 worms
  2 dart slugs
  27 orcs
  6 endoplasms
  4 giant cockroaches
  11 goblins
  8 hobgoblins
  6 jackals
  6 quokkas
  9 ball pythons
  4 bats
  2 frilled lizards
  8 kobolds
  5 rats
165 creatures vanquished.

Notes
Turn   | Place    | Note
-------+----------+-------------------------------------------
     0 | D:1      | hawla the Deep Elf Wanderer began the quest for the Orb.
     0 | D:1      | hawla set off with the following items: a +0 dagger, 11
                  | poisoned darts, a scroll of teleportation, a +0 robe; and
                  | the following spell memorised: Apportation; and the
                  | following spells available to memorise: Blink, Lesser
                  | Beckoning, Poisonous Vapours, Static Discharge.
     0 | D:1      | Reached XP level 1. HP: 10/10 MP: 9/9
    49 | D:1      | Reached skill level 6 in Spellcasting
   834 | D:1      | Reached XP level 2. HP: 9/15 MP: 11/11
   837 | D:1      | Learned a level 2 spell: Poisonous Vapours
  2106 | D:2      | Reached XP level 3. HP: 15/19 MP: 1/12
  2422 | D:2      | Reached skill level 1 in Air Magic
  2638 | D:2      | Learned a level 2 spell: Blink
  3004 | D:2      | Learned a level 3 spell: Vampiric Draining
  3390 | D:2      | Found a faded altar of an unknown god.
  3883 | D:2      | Reached XP level 4. HP: 24/24 MP: 2/14
  3888 | D:2      | Learned a level 4 spell: Olgreb's Toxic Radiance
  4148 | D:3      | Reached skill level 1 in Poison Magic
  4274 | D:3      | Noticed Terence
  4287 | D:3      | Killed Terence
  4974 | D:3      | Reached XP level 5. HP: 25/28 MP: 3/16
  5099 | D:3      | Noticed Jessica
  5105 | D:3      | Killed Jessica
  5493 | D:3      | Reached skill level 7 in Spellcasting
  5968 | D:4      | Noticed a black bear
  5976 | D:4      | Killed a black bear
  5977 | D:4      | Reached XP level 6. HP: 32/32 MP: 12/18
  6042 | D:4      | Found an opulent altar of Gozag.
  6379 | D:4      | Found a glowing golden altar of the Shining One.
  6699 | D:4      | Noticed Ijyb
  6701 | D:4      | Paralysed by Ijyb for 3 turns
  6707 | D:4      | Paralysed by Ijyb for 5 turns
  6708 | D:4      | Killed Ijyb
  6709 | D:4      | Reached XP level 7. HP: 36/36 MP: 10/20
  6804 | D:4      | Noticed Edmund
  6823 | D:4      | Killed Edmund
  7193 | D:4      | Found an ancient bone altar of Kikubaaqudgha.
  7313 | D:4      | Found a hide-covered altar of Uskayaw.
  7688 | D:5      | Entered Level 5 of the Dungeon
  7935 | D:5      | Noticed Duvessa
  7935 | D:5      | Noticed Dowan
  7938 | D:5      | Noticed Menkaure
  8143 | D:5      | Reached skill level 8 in Spellcasting
  8365 | D:5      | Identified the +6 rapier of Sygg {flame, Int+4 Dex-2}
  8376 | D:5      | Noticed a hornet
  8383 | D:5      | Killed a hornet
  8384 | D:5      | Reached skill level 1 in Short Blades
  8384 | D:5      | Reached skill level 5 in Poison Magic
  8384 | D:5      | Reached skill level 1 in Evocations
  8384 | D:5      | Reached XP level 8. HP: 18/42 MP: 22/22
  8509 | D:5      | Killed Menkaure
  8537 | D:5      | Killed Duvessa
  8549 | D:5      | Killed Dowan
  8550 | D:5      | Reached skill level 9 in Spellcasting
  8835 | D:5      | Found a basalt altar of Yredelemnul.
  8838 | D:5      | Found a snail-covered altar of Cheibriados.
  8850 | D:5      | Reached skill level 1 in Fighting
  8885 | D:5      | Got the Parchment of the Crushed Seers
  8890 | D:5      | Learned a level 3 spell: Ignite Poison
  9239 | D:6      | Found a hazy altar of Hepliaklqana.
  9422 | D:6      | Found a staircase to the Ecumenical Temple.
  9430 | Temple   | Entered the Ecumenical Temple
  9456 | Temple   | Became a worshipper of Vehumet
  9503 | D:6      | Found a burning altar of Makhleb.
  9574 | D:6      | Reached skill level 1 in Fire Magic
  9630 | D:6      | Reached skill level 10 in Spellcasting
  9678 | D:6      | Reached XP level 9. HP: 45/47 MP: 25/25
  9678 | D:6      | Found an iron altar of Okawaru.
  9923 | D:7      | Gained mutation: A frigid envelope surrounds you and
                  | freezes all who hurt you. [potion of mutation]
  9923 | D:7      | Gained mutation: You occasionally lose the ability to drink
                  | potions when taking damage. [potion of mutation]
  9923 | D:7      | Gained mutation: Your muscles are strong. (Str +4, Int/Dex
                  | -1) [potion of mutation]
  9963 | D:7      | Reached skill level 1 in Transmutations
 10757 | D:7      | Identified the +2 leather armour of Words of Power {Harm
                  | rCorr Str-4 Dex-5}
 10798 | D:7      | Noticed Joseph
 10804 | D:7      | Killed Joseph
 10963 | D:7      | Reached skill level 11 in Spellcasting
 11104 | D:7      | Found an ornate altar of the Wu Jian Council.
 11554 | D:8      | Found Oqawukk's Antique Armour Shoppe.
 11607 | D:8      | Noticed a two-headed ogre
 11611 | D:8      | Killed a two-headed ogre
 11878 | D:8      | Noticed a two-headed ogre
 11883 | D:8      | Killed a two-headed ogre
 11884 | D:8      | Reached skill level 12 in Spellcasting
 11884 | D:8      | Reached XP level 10. HP: 52/52 MP: 24/28
 12172 | D:8      | Reached * piety under Vehumet
 12172 | D:8      | Offered knowledge of Shock by Vehumet.
 12534 | D:9      | Noticed a two-headed ogre
 12536 | D:9      | Noticed a death knight
 12538 | D:9      | Paralysed by a hornet for 2 turns
 12538 | D:9      | Noticed a centaur warrior
 12539 | D:9      | Slain by a two-headed ogre

Illustrated notes

Levels and vault maps discovered:
D:1:      dpeg_arrival_morbid_curiosity, layout_basic
D:2:      layout_basic, hellmonk_ecumenical_altar_leap_of_faith,
          minmay_crystal_room
D:3:      layout_loops_corners, uniq_jessica, uniq_terence
D:4:      layout_basic, kennysheep_little_box, kiku_gazebo_pond_becter,
          tso_oasis_becter, mainiacjoe_overflow_concentric_impassable,
          uniq_edmund, uniq_ijyb
D:5:      layout_basic, nicolae_overflow_squiral, uniq_duvessa, uniq_menkaure
D:6:      layout_rooms, mainiacjoe_overflow_paths,
          mainiacjoe_overflow_small_starburst, okawaru_metal_pillars_3,
          minmay_temple_entry_glassed_door
D:7:      layout_basic, nzn_wu_jian_council_hall, uniq_joseph
D:8:      layout_basic, serial_shops, shop,
          nicolae_concentric_dashed_squares_mild, the_hattery
D:9:      minmay_the_grid_triangle_9x9_rhombus_thin_mashed
          [minmay_the_grid_triangle_9x9_pentomino_pain,
          minmay_the_grid_triangle_9x9_prize_schism,
          minmay_the_grid_triangle_9x9_odd_lines,
          minmay_the_grid_triangle_9x9_shrine], layout_basic,
          wad_floor_pattern_2, roderic_serpentine_path
Temple:   nicolae_temple_slightly_damp_pantheon

Skill      XL: |  1  2  3  4  5  6  7  8  9 |
---------------+----------------------------+-----
Spellcasting   | 6 7 8 10 12 | 12.3
Air Magic      | 1 2 3 |  3.9
Dodging        | 3 4 |  4.4
Poison Magic   | 2 3 4 5 6 9 |  9.2
Necromancy     | 4 |  4.6
Short Blades   | 1 2 3 |  3.5
Evocations     | 1 2 |  2.1
Fighting       | 1 |  1.5
Fire Magic     | 1 2 |  2.4
Transmutations | 2 |  2.2
Throwing       | |  1.1
Stealth        | |  0.6
Translocations | |  3.5

Action                   |  1- 3 |  4- 6 |  7- 9 | 10-12 || total
-------------------------+-------+-------+-------+-------++-------
Melee: Unarmed           |    77 |    39 |       |       ||   116
       Dagger            |       |       |    91 |       ||    91
       Punch             |       |       |     3 |       ||     3
       Rapier            |       |       |    66 |     2 ||    68
Throw: Dart              |    43 |     3 |       |       ||    46
 Cast: Apportation       |    10 |     2 |     1 |       ||    13
       Poisonous Vapours |    64 |    75 |    19 |     5 ||   163
       Vampiric Draining |     6 |     2 |       |       ||     8
       Olgreb's Toxic Ra |       |     4 |    33 |     7 ||    44
       Blink             |       |     3 |       |       ||     3
       Ignite Poison     |       |       |     9 |     1 ||    10
Evoke: Wand              |       |    15 |    10 |       ||    25
  Use: Scroll            |     4 |     1 |    18 |     1 ||    24
       Potion            |       |     1 |     2 |       ||     3
 Stab: Paralysed         |       |       |    27 |       ||    27
Armor: Robe              |    24 |    13 |    30 |     3 ||    70
       Skin              |       |       |     1 |       ||     1
Dodge: Dodged            |    71 |    38 |   116 |     9 ||   234
